 Dungeon Crawl Stone Soup version 0.28.0-45-g0d030f2227 (webtiles) character file.

Game seed: 9101597422318907268

270 MortyMaxwell the Magician (level 6, -1/40 HPs)
             Began as a Djinni Fire Elementalist on Apr 10, 2022.
             Was an Initiate of Yredelemnul.
             Slain by a centaur zombie (4 damage)
             ... in an ossuary.
             The game lasted 00:26:14 (4300 turns).

MortyMaxwell the Magician (DjFE)                    Turns: 4300, Time: 00:26:14

Health: -1/40      AC:  7    Str:  4 (7)  XL:     6   Next: 47%
Gold:   88         EV: 13    Int: 15 (18) God:    Yredelemnul [......] SH:  0 Dex: 11 (14)

rFire   + + .      SeeInvis .   (no weapon)
rCold   x . .      Faith    .   (no shield)
rNeg    . . .      Spirit   .   a - +0 robe
rPois   ∞          Reflect  .   d - +2 hat
rElec   .          Harm     .   (no cloak)
rCorr   .          Rampage  .   k - +2 pair of gloves
Will    .....                   (boots unavailable)
Stlth   ++........              (no amulet)
HPRegen 0.13/turn               (no ring)
MPRegen 0.00/turn               (no ring)

@: brilliant, marked, flying
A: sickness immunity, fire resistance 2, cold vulnerability 1, float, innate
caster, HP casting, extra vitality 1
a: Renounce Religion, Recall Undead Harvest


You were in an ossuary.
You worshipped Yredelemnul.
Yredelemnul was noncommittal.
You visited 1 branch of the dungeon, and saw 4 of its levels.
You also visited: Ossuary.

You collected 172 gold pieces.
You spent 84 gold pieces at shops.

Inventory:

Missiles
 f - 2 poisoned darts (quivered)
 g - 18 sling bullets
Armour
 a - a +0 robe (worn)
 d - a +2 hat (worn)
 k - a +2 pair of gloves (worn)
Scrolls
 i - 2 scrolls of immolation
 o - a scroll of enchant weapon
Potions
 b - a potion of cancellation


   Skills:
 * Level 3.9 Dodging
 * Level 2.6 Stealth
 * Level 4.3 Spellcasting


You couldn't memorise any spells.
You knew the following spells:

 Your Spells              Type           Power      Damage    Failure   Level
a - Foxfire               Conj/Fire      96%        2x1d8     3%          1
b - Scorch                Fire           48%        2d7       4%          2
c - Conjure Flame         Conj/Fire      24%        6-21      9%          3
d - Inner Flame           Hex/Fire       24%        N/A       9%          3
e - Flame Wave            Conj/Fire      24%        2d7       30%         4
f - Magic Dart            Conj           96%        1d7       3%          1
g - Poisonous Vapours     Pois/Air       48%        N/A       4%          2
Your spell library was empty.

Dungeon Overview and Level Annotations

Branches:
Dungeon (4/15)            Ossuary (1/1)
 Temple: D:4-7

Altars:
Hepliaklqana
Kikubaaqudgha
Okawaru
Yredelemnul

Shops:
D:2 *


Innate Abilities, Weirdness & Mutations

You are immune to sickness and miasma.
You are immune to poison.
Your flesh is very heat resistant. (rF++)
You are vulnerable to cold. (rC-)
You float through the air rather than walking.
You learn spells naturally, not from books.
Your magical power is your life essence.
You have superior vitality. (+4 MHP)


Message History

The human zombie is lightly damaged.
The human zombie's fire resistance burns away.
* * * LOW HITPOINT WARNING * * *
The centaur zombie hits you.
* * * LOW HITPOINT WARNING * * *
The centaur zombie closely misses you. The centaur zombie hits you.
* * * LOW HITPOINT WARNING * * *
The centaur zombie kicks you but does no damage.
The centaur zombie closely misses you.
The centaur zombie completely misses you.
The centaur zombie barely misses you.
The centaur zombie kicks you but does no damage.
You barely miss the goblin zombie. The centaur zombie barely misses you.
The centaur zombie closely misses you. The goblin zombie closely misses you.
The centaur zombie closely misses you.
The centaur zombie kicks you but does no damage.
The human zombie is no longer more vulnerable to fire.
The goblin zombie hits you but does no damage.
You start to feel less resistant.
The rat zombie barely misses you.
The centaur zombie completely misses you.
The centaur zombie closely misses you. The rat zombie barely misses you.
The elf zombie hits you but does no damage.
The orc zombie closely misses you. The centaur zombie closely misses you.
The centaur zombie kicks you but does no damage.
The orc zombie closely misses you.
Your resistance to elements expires.
The centaur zombie is no longer more vulnerable to fire.
The centaur zombie barely misses you.
The centaur zombie kicks you but does no damage.
A kobold zombie comes into view.
An orc zombie comes into view.
The centaur zombie hits you but does no damage.
The centaur zombie closely misses you.
You hit the orc zombie.
The orc zombie is lightly damaged.
The centaur zombie hits you.
You die...
Your body rises from the dead as a mindless zombie.

######################
#.........∩∩.........#
#...Z.ZZZ.Z@Z.Z.Z....#
#..Z##############...#
#.Z.# ..#...# #...#
#...# .#...## #Z..#
#...####'.... #...#
#..Z#.....∩.# #...#
#..Z#......Z# #Z..#
#...#.......# #Z..#
#...#.......####.#...#


You could see a rat zombie, a kobold zombie, 3 orc zombies, an elf zombie, a
centaur zombie and a human zombie.

Vanquished Creatures
  2 centaur zombies (Ossuary)
  An iguana (D:4)
  An orc wizard (D:3)
  Terence (D:2)
  3 adders
  5 worms
  5 orcs
  6 endoplasms
  6 giant cockroaches
  8 hobgoblins
  3 kobolds
  A quokka (D:2)
  10 ball pythons
  6 bats
  3 frilled lizards
  3 goblins (D:3)
  A hobgoblin zombie (Ossuary)
  5 kobold zombies (Ossuary)
  9 orc zombies (Ossuary)
  A quokka skeleton (D:4)
  6 rats
86 creatures vanquished.

Vanquished Creatures (collateral kills)
  A dart slug (D:3)
  2 orcs (D:3)
  A kobold (D:3)
4 creatures vanquished.

Vanquished Creatures (others)
  2 orcs (D:3)
  A bat zombie (D:2)
  2 ball python zombies (D:3)
  A kobold zombie (D:3)
  2 orc zombies (D:3)
  36 foxfires
44 creatures vanquished.

Grand Total: 134 creatures vanquished

Notes
Turn   | Place    | Note
-------+----------+-------------------------------------------
     0 | D:1      | MortyMaxwell the Djinni Fire Elementalist began the quest
                  | for the Orb.
     0 | D:1      | Reached XP level 1. HP: 15/15 MP: 0/0
   667 | D:1      | Reached XP level 2. HP: 17/21 MP: 0/0
  1317 | D:2      | Reached skill level 3 in Spellcasting
  1317 | D:2      | Reached XP level 3. HP: 23/25 MP: 0/0
  1317 | D:2      | Learned a level 1 spell: Magic Dart
  1594 | D:2      | Found a basalt altar of Yredelemnul.
  1614 | D:2      | Became a worshipper of Yredelemnul the Dark
  1666 | D:2      | Reached * piety under Yredelemnul
  1943 | D:2      | Noticed Terence
  1948 | D:2      | Killed Terence
  1949 | D:2      | Reached XP level 4. HP: 21/31 MP: 0/0
  2582 | D:2      | Found Ciuwnum's General Store.
  2587 | D:2      | Bought a scroll of immolation for 42 gold pieces
  2587 | D:2      | Bought a scroll of immolation for 42 gold pieces
  2673 | D:3      | Reached XP level 5. HP: 32/35 MP: 0/0
  2673 | D:3      | Learned a level 2 spell: Poisonous Vapours
  3086 | D:3      | Reached ** piety under Yredelemnul
  3128 | D:3      | Reached skill level 4 in Spellcasting
  3385 | D:3      | Found a faded altar of an unknown god.
  3408 | D:3      | Found an iron altar of Okawaru.
  3592 | D:3      | Found a hazy altar of Hepliaklqana.
  3894 | D:4      | Reached XP level 6. HP: 36/40 MP: 0/0
  3947 | D:4      | Found a sand-covered staircase.
  3953 | Ossuary  | Entered an ossuary
  4280 | Ossuary  | HP: 1/40 [centaur zombie (3)]
  4300 | Ossuary  | Slain by a centaur zombie

Illustrated notes

Levels and vault maps discovered:
D:1:      mrwooster_arrival_statue, layout_loops_ring
D:2:      layout_basic, serial_shops, nicolae_shop_trees, basic_altar,
          minmay_hexomino_f4, uniq_terence
D:3:      layout_loops_cross, nzn_hepliaklqana_mist_gate,
          gammafunk_temple_overflow_statue, shapermc_ecumenical_altar_pompeii,
          st_stairs_2, minmay_misc_feat_hallway
D:4:      layout_basic, nicolae_ossuary_entry_plus,
          hangedman_decor_diamond_cutter
Ossuary:  ossuary_tomb_1

Skill      XL: |  1  2  3  4  5 |
---------------+----------------+-----
Spellcasting   | 3 4 |  4.3
Dodging        | 3 |  3.9
Stealth        | 2 |  2.6

Action                   |  1- 3 |  4- 6 || total
-------------------------+-------+-------++-------
Melee: Unarmed           |       |     2 ||     2
Throw: Dart              |       |     5 ||     5
 Cast: Foxfire           |    18 |     2 ||    20
       Scorch            |    26 |    69 ||    95
       Inner Flame       |       |     1 ||     1
       Flame Wave        |       |     1 ||     1
Invok: Recall Undead Har |     1 |     9 ||    10
  Use: Scroll            |     3 |     4 ||     7
       Potion            |       |     4 ||     4
Armor: Robe              |     2 |    43 ||    45
Dodge: Dodged            |    19 |    55 ||    74
